 Dungeon Crawl Stone Soup version 0.22-a0-377-g846bec1 (webtiles) character file.

58 Alphaeus the Chopper (level 3, -5/33 HPs)
             Began as a Minotaur Chaos Knight on Apr 28, 2018.
             Slain by Sigmund
             ... wielding a +0 scythe
              (13 damage)
             ... on level 3 of the Dungeon.
             The game lasted 00:01:32 (1293 turns).

Alphaeus the Chopper (Minotaur Chaos Knight)        Turns: 1293, Time: 00:01:32

Health: -5/33      AC:  7    Str: 16    XL:     3   Next: 76%
Magic:  2/2        EV: 10    Int:  9    God:    Xom [..*...]
Gold:   135        SH:  0    Dex: 10    Spells: 2/2 levels left

rFire    . . .     SeeInvis .   a - +0 hand axe (chaos)
rCold    . . .     Gourm    .   (no shield)
rNeg     . . .     Faith    .   p - +0 scale mail
rPois    .         Spirit   .   (helmet restricted)
rElec    .         Reflect  .   o - +0 cloak
rCorr    .         Harm     .   (no gloves)
MR       .....                  (no boots)
Stlth    ..........             (no amulet)
HPRegen  0.11/turn              (no ring)
MPRegen  0.08/turn              (no ring)

@: about to teleport, flying
A: retaliatory headbutt, horns 2
a: Renounce Religion


You were on level 3 of the Dungeon.
You worshipped Xom.
You were a toy of Xom.
You were not hungry.

You visited 1 branch of the dungeon, and saw 3 of its levels.

You collected 135 gold pieces.

Inventory:

Hand Weapons
 a - a +0 hand axe of chaos (weapon)
Armour
 b - a +2 leather armour
 o - a +0 cloak (worn)
 p - a +0 scale mail (worn)
Scrolls
 d - a scroll of teleportation
 i - 2 scrolls of magic mapping {unknown}
 j - a scroll of fog {unknown}
 k - a scroll of identify {unknown}
 l - a scroll of remove curse {unknown}
 m - a scroll of enchant armour {unknown}
 n - a scroll of fear {unknown}
 q - a scroll of noise {unknown}
 r - a scroll of amnesia {unknown}
Comestibles
 c - 5 rations
 f - 7 chunks of flesh


   Skills:
 + Level 4.1 Fighting
 * Level 4.5 Axes
 + Level 3.1 Armour
 + Level 2.1 Dodging


You had 2 spell levels left.
You didn't know any spells.

Dungeon Overview and Level Annotations

Branches:
Dungeon (3/15)

Altars:
Makhleb
Okawaru
Trog
Xom

Annotations:
D:3 Sigmund


Innate Abilities, Weirdness & Mutations

You reflexively headbutt those who attack you in melee.
You have a pair of horns on your head.


Message History

Something tries to affect you, but you resist.
Something hits you!
You see here a chain mail.
You feel much better. Something hits you but does no damage.
You closely miss something. Something hits you.
You completely miss something. Your headbutt misses something.
You feel less confused.
You barely miss something. You headbutt something. Something hits you!
You closely miss something. Your headbutt misses something. Something hits you.
You barely miss something. Something hits you but does no damage.
You miss something. You closely miss something.
You hear some strange, mumbled words.
A magic dart appears from out of thin air!
The magic dart hits you!
* * * LOW HITPOINT WARNING * * *
As you read the scroll labeled YNU OR LEBAN, it crumbles to dust.
You feel strangely unstable.
It was a scroll of teleportation.
Something hits you!
You die...

#.>....#.# .#
#.#...##.# ..
##.###.# # #.###.#
#.#.#.# ##....[#
.####......##
...%.....{..##
####.....@...####
#.........)...#
##.............
.................
#..###............
#. #.........$.. #
#.#....#.....
#...#.##.....
......# .#.


There were no monsters in sight!

Vanquished Creatures
  A gnoll (D:1)
  An adder (D:2)
  An ooze (D:2)
  An orc (D:3)
  4 giant cockroaches
  4 goblins
  4 hobgoblins (D:1)
  A quokka (D:2)
  2 ball pythons
  7 bats
  A frilled lizard (D:2)
  3 kobolds
  4 rats
34 creatures vanquished.

Notes
Turn   | Place    | Note
-------+----------+-------------------------------------------
     0 | D:1      | Alphaeus the Minotaur Chaos Knight began the quest for the Orb.
     0 | D:1      | Reached XP level 1. HP: 19/19 MP: 0/0
   219 | D:1      | Reached XP level 2. HP: 27/27 MP: 1/1
   672 | D:2      | Reached XP level 3. HP: 30/33 MP: 2/2
   871 | D:2      | Found a shimmering altar of Xom.
   875 | D:2      | Found a burning altar of Makhleb.
  1026 | D:2      | XOM: harmless Ice miscast
  1043 | D:2      | Found a bloodstained altar of Trog.
  1043 | D:2      | Found an iron altar of Okawaru.
  1051 | D:2      | XOM: harmless Erth miscast
  1259 | D:3      | Noticed Sigmund
  1293 | D:3      | Slain by Sigmund

Vault maps used:
D:1:      mushboom_english_gardens, dk_noncrumbling_4, grunt_decor_cap
D:2:      minitemple, gammafunk_temple_overflow_wave, first_ration
D:3:      tgw_fedhas, uniq_sigmund

Skill      XL: |  1  2  3 |
---------------+----------+-----
Axes           | 4 |  4.5
Fighting       | 4 |  4.1
Armour         | 3 |  3.1
Dodging        | 2 |  2.1

Action                   || total
-------------------------++-------
Melee: Hand axe          ||    81
       Headbutt          ||     8
  Use: Potion            ||     5
       Scroll            ||     1
  Eat: Chunk             ||     1
Armor: Leather armour    ||    21
       Scale mail        ||     9
Dodge: Dodged            ||    48

Table legend:
 A = Spawn XP
 B = Non-spawn XP
 C = Spawn XP percentage of total XP
 D = Spawn monster count
 E = Non-spawn monster count
 F = Spawn count percentage of total count
 G = Total turns spent on level
                    A         B        C        D         E        F      G
               +---------+---------+-------+---------+---------+-------+---------
         Total |       0 |      84 |   0.0 |       0 |      34 |   0.0 |  1293
               +---------+---------+-------+---------+---------+-------+---------
           D:1 |       0 |      38 |   0.0 |       0 |      17 |   0.0 |   668
           D:2 |       0 |      39 |   0.0 |       0 |      13 |   0.0 |   494
           D:3 |       0 |       7 |   0.0 |       0 |       4 |   0.0 |   131
               +---------+---------+-------+---------+---------+-------+---------
